 Dungeon Crawl Stone Soup version 0.24.0-123-gd5b16e6ec5 (webtiles) character file.

Game seed: 18155683460967112198, levelgen mode: deterministic

1400 Elellon the Cleaver (level 8, -4/68 HPs)
             Began as a Hill Orc Fighter on Jan 20, 2020.
             Was a Follower of Okawaru.
             Slain by a killer bee (8 damage)
             ... on level 7 of the Dungeon.
             The game lasted 00:06:54 (3869 turns).

Elellon the Cleaver (Hill Orc Fighter)              Turns: 3869, Time: 00:06:55

Health: -4/68      AC:  9    Str: 26    XL:     8   Next: 69%
Magic:  9/10       EV:  7    Int:  8    God:    Okawaru [*.....]
Gold:   207        SH: 10    Dex: 10    Spells: 7/7 levels left

rFire    . . .     SeeInvis .   a - +0 war axe
rCold    . . .     Gourm    .   c - +0 shield
rNeg     . . .     Faith    .   s - +2 scale mail {MR+}
rPois    .         Spirit   .   (no helmet)
rElec    .         Reflect  .   t - scarf {repulsion}
rCorr    .         Harm     .   (no gloves)
MR       +....                  (no boots)
Stlth    ..........             (no amulet)
HPRegen  0.21/turn              (no ring)
MPRegen  0.12/turn              (no ring)

@: mighty, lethally poisoned (-4 -> -11), repel missiles
A: no striking features
a: Heroism, Renounce Religion


You were on level 7 of the Dungeon.
You worshipped Okawaru.
Okawaru was aware of your devotion.
You were not hungry.

You visited 2 branches of the dungeon, and saw 6 of its levels.

You collected 207 gold pieces.

Inventory:

Hand Weapons
 a - a +0 war axe (weapon)
 v - a +2 whip of flaming
Armour
 c - a +0 shield (worn)
 s - a +2 scale mail of magic resistance (worn)
 t - a scarf of repulsion (worn)
Jewellery
 l - an uncursed ring of protection from magic {unknown}
Wands
 g - a wand of flame (15)
 o - a wand of enslavement (7)
 x - a wand of digging (6)
Scrolls
 b - 4 scrolls of immolation {unknown}
 e - 2 scrolls of magic mapping {unknown}
 i - 2 scrolls of enchant armour {unknown}
 j - 8 scrolls of identify {unknown}
 m - 2 scrolls of amnesia {unknown}
 n - 3 scrolls of remove curse {unknown}
 q - a scroll of teleportation {unknown}
 r - a scroll of random uselessness {unknown}
Potions
 h - a potion of berserk rage {unknown}
 p - a potion of lignification {unknown}
 u - a potion of brilliance {unknown}
Comestibles
 f - 6 rations


   Skills:
 + Level 5.0 Fighting
 * Level 11.2 Axes
 + Level 4.5 Armour
 + Level 4.5 Shields
 + Level 2.7 Evocations


You had 7 spell levels left.
You didn't know any spells.
Your spell library was empty.

Dungeon Overview and Level Annotations

Branches:
Dungeon (4/15)             Temple (1/1) D:4

Altars:
Ashenzari
Cheibriados
Dithmenos
Elyvilon
Gozag
Hepliaklqana
Kikubaaqudgha
Makhleb
Nemelex Xobeh
Okawaru
Qazlal
Ru
Sif Muna
Trog
Uskayaw
Vehumet
Wu Jian
Xom
Yredelemnul
Zin
The Shining One

Shops:
D:4 *


Message History

The killer bee stings you.
* * * LOW HITPOINT WARNING * * *
You are more poisoned.
The killer bee poisons you! You block the killer bee's attack.
You slash the killer bee!
The killer bee is almost dead.
You feel sick. The killer bee stings you.
* * * LOW HITPOINT WARNING * * *
The killer bee stings you but does no damage.
You barely miss the killer bee.
The killer bee is almost dead.
You feel sick. The killer bee stings you.
* * * LOW HITPOINT WARNING * * *
The jelly jiggles.
You block the killer bee's attack.
You miss the killer bee.
The killer bee is almost dead.
* * * LOW HITPOINT WARNING * * *
You feel sick. The killer bee stings you!
You die...

#.##### #$.8... ####.....#
#.._..# #.รท......# #.....##
#.######.# #.....# ######.#
#.# #y..# .......# ####.#
#...##### .......###....#
#####........
.......##.###.####J...........
.....).#.## ##..@yy...........
.......#.# #.###............
.......#.## ##.# #####...####.
.......##.###.## #.....
##########...## #...###
###########.## #..># #.......#
#.# #.## #.##.##.# #.#
#.#(#.#.###.#


You could see a jelly and 2 killer bees.

Vanquished Creatures
  Pikel (D:4)
  3 phantoms
  A bullfrog (D:7)
  3 killer bees (D:7)
  A howler monkey (D:4)
  A hound (D:4)
  2 bullfrog skeletons (D:4)
  An orc priest (D:3)
  2 iguanas (D:7)
  Terence (D:3)
  2 orc wizards
  A worker ant (D:4)
  A gnoll (D:1)
  6 adders
  2 worms (D:2)
  2 dart slugs
  3 leopard geckos
  13 orcs
  2 ball pythons
  3 giant cockroaches
  8 goblins
  14 hobgoblins
  10 jackals
  2 quokkas
  7 bats
  4 frilled lizards
  6 kobolds
  A leopard gecko skeleton (D:4)
  6 rats
109 creatures vanquished.

Vanquished Creatures (others)
  An iguana (D:4)
  A giant cockroach (D:4)
2 creatures vanquished.

Grand Total: 111 creatures vanquished

Notes
Turn   | Place    | Note
-------+----------+-------------------------------------------
     0 | D:1      | Elellon the Hill Orc Fighter began the quest for the Orb.
     0 | D:1      | Reached XP level 1. HP: 19/19 MP: 1/1
     8 | D:1      | Reached skill level 3 in Axes
    60 | D:1      | Reached XP level 2. HP: 25/26 MP: 2/2
   194 | D:1      | You fall into a shaft and drop 1 floor!
   201 | D:2      | Reached skill level 4 in Axes
   331 | D:2      | Reached XP level 3. HP: 29/31 MP: 3/3
   479 | D:2      | Reached skill level 5 in Axes
   893 | D:2      | Reached XP level 4. HP: 39/39 MP: 4/4
  1352 | D:1      | Reached skill level 6 in Axes
  1433 | D:3      | Noticed Terence
  1448 | D:3      | Killed Terence
  1657 | D:3      | Found a hazy altar of Hepliaklqana.
  1741 | D:3      | Found a stormy altar of Qazlal.
  1747 | D:3      | Reached XP level 5. HP: 41/45 MP: 5/5
  1965 | D:3      | Reached skill level 7 in Axes
  2114 | D:4      | Noticed a phantom
  2127 | D:4      | Reached skill level 8 in Axes
  2127 | D:4      | Reached XP level 6. HP: 34/51 MP: 6/6
  2433 | D:3      | Killed a phantom
  2433 | D:3      | Reached skill level 9 in Axes
  2804 | D:4      | Noticed a phantom
  2818 | D:4      | Killed a phantom
  2818 | D:4      | Reached skill level 10 in Axes
  2818 | D:4      | Reached XP level 7. HP: 44/57 MP: 7/7
  2931 | D:4      | Noticed Pikel
  2943 | D:4      | Killed Pikel
  2943 | D:4      | Reached skill level 1 in Evocations
  2943 | D:4      | Reached XP level 8. HP: 53/67 MP: 7/9
  3100 | D:4      | Found Etzixtuj's Mass Market.
  3204 | D:4      | Found a staircase to the Ecumenical Temple.
  3221 | Temple   | Entered the Ecumenical Temple
  3312 | Temple   | Became a worshipper of Warmaster Okawaru
  3349 | D:4      | Found an ornate altar of the Wu Jian Council.
  3405 | D:4      | You fall into a shaft and drop 3 floors!
  3721 | D:7      | Reached skill level 11 in Axes
  3806 | D:7      | Found a sparkling altar of Nemelex Xobeh.
  3806 | D:7      | Found a shadowy altar of Dithmenos.
  3857 | D:7      | Reached skill level 5 in Fighting
  3863 | D:7      | Reached * piety under Okawaru
  3869 | D:7      | Slain by a killer bee

Levels and vault maps discovered:
D:1:      scummos_arrival_simple_fountains, layout_basic, minmay_hexomino_f4
D:2:      layout_basic, first_ration
D:3:      layout_basic, lemuel_doored_altar, nicolae_qazlal_general_emergency,
          uniq_terence
D:4:      layout_basic, lemuel_round_altar, temple_fountains, minmay_shop_mass,
          ebering_dispersal_statue_hall, uniq_pikel
D:7:      layout_loops_cross, chequers_temple_overflow_statue_of_worship,
          uniq_duvessa
Temple:   lightli_temple_of_artemis

Skill      XL: |  1  2  3  4  5  6  7  8 |
---------------+-------------------------+-----
Axes           | 3 4 5 6 8 10 11 | 11.2
Fighting       | 4 5 |  5.0
Armour         | 4 |  4.5
Shields        | 4 |  4.5
Evocations     | 1 2 |  2.7

Action                   |  1- 3 |  4- 6 |  7- 9 || total
-------------------------+-------+-------+-------++-------
Melee: War axe           |    87 |   161 |   130 ||   378
  Use: Potion            |       |     1 |     2 ||     3
  Eat: Chunk             |       |     6 |     4 ||    10
Armor: Scale mail        |    39 |    36 |    59 ||   134
       Chain mail        |       |    60 |       ||    60
Dodge: Dodged            |    27 |    46 |    27 ||   100
Block: Shield            |    58 |    87 |    69 ||   214
